 Dungeon Crawl Stone Soup version 0.31.0-9-g3a7656b989 (webtiles) character file.

Game seed: 17140326917546452752

955 qw the Skirmisher (level 7, -1/35 HPs)
             Began as a Spriggan Hunter on Feb 2, 2024.
             Incinerated by a bombardier beetle (6 damage)
             ... with a burning spray
             ... on level 6 of the Dungeon.
             The game lasted 00:00:16 (3618 turns).

qw the Skirmisher (Spriggan Hunter)                 Turns: 3618, Time: 00:00:17

Health: -1/35      AC:  2    Str:  7    XL:     7   Next: 91%
Magic:  8/8        EV: 23    Int: 10    God:
Gold:   269        SH:  0    Dex: 21    Spells: 6/6 levels left

rFire   . . .        a - +0 shortbow (drain)
rCold   . . .        (shield currently unavailable)
rNeg    . . .        c - +0 robe
rPois   .            (helmet restricted)
rElec   .            (no cloak)
rCorr   .            (gloves unavailable)
SInv    +            (boots unavailable)
Will    +....        (no amulet)
Stlth   +            (no ring)
HPRegen 0.25/turn    (no ring)
MPRegen 0.11/turn

%: no passive effects
@: on fire, glowing, very quick
A: very small, no large weapons, unfitting armour, see invisible, speed 3
a: no special abilities


You were on level 6 of the Dungeon.
You visited 1 branch of the dungeon, and saw 6 of its levels.

You collected 269 gold pieces.


Innate Abilities, Weirdness & Mutations

You are very small and have problems with some larger weapons.
You are too small for most types of armour.
You have supernaturally acute eyesight. (SInv)
You cover ground extremely quickly. (Speed+++)


   Skills:
 - Level 2.1 Fighting
 - Level 8.1 Ranged Weapons
 + Level 7.6 Dodging
 - Level 1.5 Stealth


You had 6 spell levels left.
You didn't know any spells.
Your spell library was empty.

Inventory:

Hand Weapons
 a - a +0 shortbow of draining (weapon)
Armour
 c - a +0 robe (worn)
Wands
 i - a wand of roots (12)
Scrolls
 g - a scroll of identify
Potions
 b - 2 potions of resistance
 d - a potion of cancellation
 e - 2 potions of curing
 f - a potion of heal wounds
 h - a potion of might

Dungeon Overview and Level Annotations

Branches:
Dungeon (6/15)
 Temple: D:4-7

Altars:
Fedhas
Sif Muna
Trog
Zin

Shops:
D:4 (


Message History

A bombardier beetle comes into view.
You shoot an arrow. The arrow hits the jelly.
The jelly is moderately wounded.
You shoot an arrow. The arrow hits the jelly!
The jelly is almost dead.
You shoot an arrow. The arrow hits the jelly.
You kill the jelly!
You shoot an arrow. The arrow hits the ufetubus.
The ufetubus is moderately wounded.
The ufetubus slips past you! The ufetubus hits you.
The ufetubus completely misses you.
You shoot an arrow. The arrow hits the ufetubus.
The ufetubus is almost dead.
The ufetubus completely misses you. x2
You shoot an arrow. The arrow hits the ufetubus.
You kill the ufetubus!
You shoot an arrow. The arrow hits the bombardier beetle!
The bombardier beetle is heavily wounded.
The bombardier beetle sprays incendiary fluid at you.
The burning spray hits you.
You are covered in liquid fire!
You shoot an arrow. The arrow hits the bombardier beetle!
You drain the bombardier beetle.
You kill the bombardier beetle!
The liquid fire burns you!
You are on fire!
The liquid fire burns you!
You are on fire!
The liquid fire burns you!
You are on fire!
The liquid fire burns you!
You are on fire!
The liquid fire burns you!
You are on fire!
The liquid fire burns you!
You are on fire!
The liquid fire burns you!
You are on fire!
The liquid fire burns you!
You die...

### ..##
###.############## #
#.................
#.#.#.############..
#.@.## #........
##$## #.#####.. #.#
#.# ###
#.########.#####..
.%.#.............#
.....##....%##.#..
..[. #.....##.##.
..... #.....##.##.
.........^....


There were no monsters in sight!

Vanquished Creatures
  2 water moccasins (D:5)
  3 scorpions
  2 bombardier beetles
  A hound (D:5)
  2 orc priests
  3 jellies
  2 iguanas (D:4)
  A sleepcap (D:5)
  Natasha (D:3)
  A gnoll (D:1)
  8 adders
  2 ufetubi (D:6)
  6 dart slugs
  3 ribbon worms
  21 orcs
  4 ball pythons
  2 endoplasms (D:2)
  4 giant cockroaches
  3 goblins (D:3)
  10 hobgoblins
  7 kobolds
  7 quokkas
  6 bats
  5 frilled lizards
  8 rats
114 creatures vanquished.

Notes
Turn   | Place    | Note
-------+----------+-------------------------------------------
     0 | D:1      | qw the Spriggan Hunter began the quest for the Orb.
     0 | D:1      | Reached XP level 1. HP: 10/10 MP: 2/2
     0 | D:1      | 0 ||| qw: Version: 0.3-a-155-g5e7d8dd
     0 | D:1      | 0 ||| qw: Game counter: 2482
     0 | D:1      | 0 ||| qw: Melee chars always use a shield: true
     0 | D:1      | 0 ||| qw: God list: Okawaru
     0 | D:1      | 0 ||| qw: Allow faded altars: false
     0 | D:1      | 0 ||| qw: Do Orc after clearing Dungeon:15 true
     0 | D:1      | 0 ||| qw: Do second Lair branch before Depths: true
     0 | D:1      | 0 ||| qw: Lair rune preference: random
     0 | D:1      | 0 ||| qw: Goals: Normal
     0 | D:1      | 0 ||| PLANNING D:1-11
    23 | D:1      | Reached skill level 3 in Dodging
    84 | D:1      | Reached XP level 2. HP: 10/14 MP: 3/3
   160 | D:1      | HP: 3/14 [dart slug/slug dart (2)]
   350 | D:1      | Reached XP level 3. HP: 18/18 MP: 4/4
   825 | D:1      | 825 ||| READING scroll labelled VUCUTIEQUG.
   825 | D:1      | 825 ||| ENCHANTING +0 shortbow.
   826 | D:1      | 826 ||| READING scroll labelled GYNEXZ TITRAGY.
   827 | D:1      | 827 ||| DRINKING 2 viscous golden potions.
   828 | D:1      | 828 ||| DROPPING scroll of butterflies.
  1077 | D:2      | Reached skill level 5 in Ranged Weapons
  1077 | D:2      | Reached XP level 4. HP: 22/22 MP: 5/5
  1547 | D:2      | 1547 ||| READING 2 scrolls labelled OLACEGATSU.
  1547 | D:2      | 1547 ||| IDENTIFYING metallic red potion
  1548 | D:2      | 1548 ||| READING scroll of identify.
  1548 | D:2      | 1548 ||| IDENTIFYING 2 ruby potions
  1549 | D:2      | 1549 ||| READING scroll labelled YTHUFE OSHRI.
  1550 | D:2      | 1550 ||| READING scroll labelled GETRED HAMAAKH.
  1651 | D:2      | 1651 ||| READING scroll labelled FECONAODOATH.
  1651 | D:2      | 1651 ||| BRANDING +0 shortbow.
  1652 | D:2      | 1652 ||| DRINKING 2 emerald potions.
  1653 | D:2      | 1653 ||| DROPPING 2 potions of lignification.
  1654 | D:2      | 1654 ||| DROPPING potion of brilliance.
  1812 | D:3      | Reached XP level 5. HP: 26/26 MP: 6/6
  2118 | D:3      | Noticed Natasha
  2132 | D:3      | Killed Natasha
  2262 | D:3      | 2262 ||| READING scroll of identify.
  2262 | D:3      | 2262 ||| IDENTIFYING 2 bubbling inky potions
  2263 | D:3      | 2263 ||| READING scroll labelled DOMOMM LEISIBY.
  2264 | D:3      | 2264 ||| READING scroll labelled MITY KINTU.
  2448 | D:4      | Reached skill level 6 in Ranged Weapons
  2463 | D:4      | Found a shimmering blue altar of Sif Muna.
  2549 | D:4      | Found Sutezaet's Weapon Shop.
  2779 | D:4      | Reached XP level 6. HP: 30/30 MP: 7/7
  2779 | D:4      | Found a glowing silver altar of Zin.
  2914 | D:4      | 2914 ||| DROPPING amulet of magic regeneration.
  2915 | D:4      | 2915 ||| READING scroll of identify.
  2915 | D:4      | 2915 ||| IDENTIFYING smoky brown potion
  2920 | D:5      | Entered Level 5 of the Dungeon
  2961 | D:5      | Noticed a water moccasin
  2962 | D:5      | 2962 ||| RETREEEEATING.
  2968 | D:5      | Reached skill level 6 in Dodging
  2984 | D:5      | Killed a water moccasin
  2993 | D:5      | Noticed a water moccasin
  2998 | D:5      | Killed a water moccasin
  2999 | D:5      | Reached skill level 7 in Ranged Weapons
  2999 | D:5      | Reached XP level 7. HP: 35/35 MP: 8/8
  3142 | D:5      | 3142 ||| READING scroll labelled QAAF YMNAOFIESTRAL.
  3144 | D:5      | 3144 ||| Stepping ~*~*~tactically~*~*~ (cloud).
  3494 | D:5      | Found a bloodstained altar of Trog.
  3494 | D:5      | Found a blossoming altar of Fedhas.
  3506 | D:5      | 3506 ||| READING scroll of identify.
  3506 | D:5      | 3506 ||| IDENTIFYING golden potion
  3572 | D:6      | Reached skill level 8 in Ranged Weapons
  3617 | D:6      | HP: 5/35 [burnt (5)]
  3618 | D:6      | Incinerated by a bombardier beetle

Levels and vault maps discovered:
D:1:      lightli_arrival_statuegarden, layout_basic
D:2:      layout_loops_ring
D:3:      minmay_angry_zag, layout_basic, uniq_natasha
D:4:      layout_basic, lemuel_tele_altar, nicolae_overflow_crystal_walls,
          serial_shops, nicolae_shop_getting_attention
D:5:      lemuel_ice_spiral_2, layout_rooms, nicolae_overflow_two_pavilions
D:6:      layout_loops_ring, minmay_temple_entry_statues_fountains,
          biasface_ghost_orc_armoury, uniq_crazy_yiuf_cottage

Skill      XL: |  1  2  3  4  5  6  7 |
---------------+----------------------+-----
Dodging        | 4 5 6 7 |  7.6
Ranged Weapons | 5 6 7 8 |  8.1
Fighting       | 2 |  2.1
Stealth        | |  1.5

Action                     |  1- 3 |  4- 6 |  7- 9 || total
---------------------------+-------+-------+-------++-------
   Fire: Shortbow          |   118 |   154 |    73 ||   345
    Use: Scroll            |     2 |     9 |     2 ||    13
         Potion            |     1 |     1 |       ||     2
 Armour: Robe              |    24 |     7 |     7 ||    38
  Dodge: Dodged            |    50 |    33 |    34 ||   117

Table legend:
 A = Non-vault XP
 B = Vault XP
 C = Vault XP percentage of total XP
 D = Non-vault monster count
 E = Vault monster count
 F = Vault count percentage of total count
                 A         B        C        D         E       F
            +---------+---------+-------+---------+---------+-------
      Total |    1315 |      50 |   3.7 |     107 |       7 |   6.1
            +---------+---------+-------+---------+---------+-------
        D:1 |      61 |       0 |   0.0 |      27 |       0 |   0.0
        D:2 |      59 |       0 |   0.0 |      17 |       0 |   0.0
        D:3 |     106 |      50 |  32.1 |      22 |       7 |  24.1
        D:4 |     151 |       0 |   0.0 |      12 |       0 |   0.0
        D:5 |     750 |       0 |   0.0 |      24 |       0 |   0.0
        D:6 |     188 |       0 |   0.0 |       5 |       0 |   0.0
            +---------+---------+-------+---------+---------+-------
